 Dungeon Crawl Stone Soup version 0.27-a0-1296-g8ece459b43 (webtiles) character file.

Game seed: 9697594161648267268

19812 Ijustatesigmund the Covert (level 12, -3/63 HPs)
             Began as a Spriggan Conjurer on June 16, 2021.
             Was a Believer of Dithmenos.
             Slain by a bog body (28 damage)
             ... on level 2 of the Lair of Beasts.
             The game lasted 01:13:25 (23774 turns).

Ijustatesigmund the Covert (Spriggan Conjurer)     Turns: 23774, Time: 01:13:26

Health: -3/63      AC: 12    Str:  9    XL:     12   Next: 39%
Magic:  12/21      EV: 23    Int: 28    God:    Dithmenos [**....]
Gold:   649        SH:  0    Dex: 16    Spells: 13/22 levels left

rFire    . . .     SeeInvis +   z - +2 short sword (protect)
rCold    . . .     Faith    .   (shield restricted)
rNeg     . . .     Spirit   .   a - +1 steam dragon scales
rPois    .         Reflect  .   (helmet restricted)
rElec    .         Harm     .   (no cloak)
rCorr    .         Rampage  .   (gloves unavailable)
Will     ++...                  (boots unavailable)
Stlth    +++++++...             w - amulet of regeneration
HPRegen  1.20/turn              G - +6 ring of intelligence
MPRegen  0.17/turn              y - +6 ring of strength

@: ice-armoured, wreathed by umbra, very quick
A: very small, no large weapons, unfitting armour, see invisible, speed 3
a: Renounce Religion, Shadow Step


You were on level 2 of the Lair of Beasts.
You worshipped Dithmenos.
Dithmenos was pleased with you.
You visited 3 branches of the dungeon, and saw 16 of its levels.
You also visited: Bailey.

You collected 649 gold pieces.

Inventory:

Hand Weapons
 b - a +4 short sword
 v - a +2 dagger of venom
 z - a +2 short sword of protection (weapon)
 B - a +3 scimitar of flaming
 H - a +4 dagger of distortion
Missiles
 i - 56 poisoned darts (quivered)
 C - 2 throwing nets
 E - 9 curare-tipped darts
 N - 5 atropa-tipped darts
Armour
 a - +1 steam dragon scales (worn)
 I - a +2 robe of resistance
 K - a +0 troll leather armour
Jewellery
 o - a ring of protection from fire
 s - an amulet of reflection
 w - an amulet of regeneration (around neck)
 y - a +6 ring of strength (right hand)
 G - a +6 ring of intelligence (left hand)
 M - a ring of ice
Wands
 f - a wand of mindburst (6)
 q - a wand of acid (2)
 x - a wand of polymorph (11)
 A - a wand of iceblast (1)
 L - a wand of charming (12)
Scrolls
 e - 9 scrolls of teleportation
 F - a scroll of immolation
Potions
 c - 2 potions of magic
 d - 4 potions of curing
 g - 2 potions of cancellation
 h - 3 potions of might
 j - 2 potions of ambrosia
 k - a potion of resistance
 l - 2 potions of attraction
 m - a potion of lignification
 n - 5 potions of haste
 p - 2 potions of heal wounds
 r - 2 potions of brilliance {unknown}
 t - 2 potions of degeneration {unknown}
 u - 2 potions of flight {unknown}
 D - a potion of mutation {unknown}
Miscellaneous
 J - a box of beasts (inert)


   Skills:
 - Level 7.0 Fighting
 + Level 9.2 Short Blades
 - Level 4.0 Throwing
 - Level 1.8 Armour
 - Level 9.6 Dodging
 + Level 11.9 Stealth
 - Level 5.8 Spellcasting
 - Level 4.9 Conjurations
 - Level 7.1 Hexes
 + Level 2.0 Ice Magic
 - Level 7.2 Invocations
 - Level 4.7 Evocations


You had 13 spell levels left.
You knew the following spells:

 Your Spells              Type           Power      Damage    Failure   Level
a - Magic Dart            Conj           100%       1d8       1%          1
b - Searing Ray           Conj           72%        3d6       1%          2
c - Dazzling Flash        Conj/Hex       84%        N/A       1%          3
d - Ozocubu's Armour      Ice            19%        N/A       8%          3

Your spell library contained the following spells:

 Spells                   Type           Power      Damage    Failure   Level
 Corona                   Hex            53%        N/A       1%          1
 Ensorcelled Hibernation  Hex/Ice        68%        N/A       1%          2
 Confusing Touch          Hex            48%        N/A       1%          3
 Tukima's Dance           Hex            48%        N/A       1%          3
 Freeze                   Ice            76%        1d9       2%          1
 Fulminant Prism          Conj/Hex       21%        3d13      4%          4
 Frozen Ramparts          Ice            38%        1d5       8%          3
 Hailstorm                Conj/Ice       27%        3d7       14%         4
 Iskenderun's Mystic Bla  Conj/Tloc      22%        2d6       22%         4
 Metabolic Englaciation   Hex/Ice        17%        N/A       26%         5


Dungeon Overview and Level Annotations

Branches:
Dungeon (12/15)            Temple (1/1) D:5            Lair (3/6) D:10
  Swamp (0/4) Lair:2          Orc (0/2) D:11         Bailey (visited)
  Snake: Lair:2-4    Spider: Lair:2-4

Altars:
Ashenzari
Cheibriados
Dithmenos
Elyvilon
Fedhas
Gozag
Hepliaklqana
Kikubaaqudgha
Makhleb
Nemelex Xobeh
Okawaru
Qazlal
Ru
Sif Muna
Trog
Uskayaw
Vehumet
Wu Jian
Xom
Yredelemnul
Zin
The Shining One
Lugonu

Portals:
Abyss: D:11

Annotations:
D:11 2 runed translucent doors
D:12 Azrael


Innate Abilities, Weirdness & Mutations

You are very small and have problems with some larger weapons.
You are too small for most types of armour.
You have supernaturally acute eyesight. (SInv)
You cover ground extremely quickly. (Speed+++)


Message History

i - 56 poisoned darts (gained 1)
A bog body is nearby!
Casting: Magic Dart (safe; 1% risk of failure)
Confirm with . or Enter, or press ? or * to list all spells.
Aiming: Magic Dart (safe; 1% risk of failure)
Press: ? - help, Shift-Dir - straight line, f - bog body
Aim: a bog body (wandering, hasn't noticed you, 100% to hit)
The magic dart hits the bog body.
The bog body is lightly damaged.
Casting: Magic Dart (safe; 1% risk of failure)
Confirm with . or Enter, or press ? or * to list all spells.
Aiming: Magic Dart (safe; 1% risk of failure)
Press: ? - help, Shift-Dir - straight line, f/p - bog body
Aim: a bog body (lightly damaged, 100% to hit)
The magic dart hits the bog body.
The bog body is lightly damaged.
The bog body casts a spell at you. The bolt of cold misses you.
Casting: Magic Dart (safe; 1% risk of failure)
Confirm with . or Enter, or press ? or * to list all spells.
A film of ice covers your body!
Casting: Ozocubu's Armour (dangerous; 8% risk of failure)
Confirm with . or Enter, or press ? or * to list all spells.
Aiming: Searing Ray (safe; 1% risk of failure)
Press: ? - help, Shift-Dir - straight line, f/p - bog body
Aim: a bog body (lightly damaged, umbra, 83% to hit)
The searing ray hits the bog body!
The bog body is heavily damaged. (Press . to maintain the ray.)
The bog body points at you and mumbles some strange words.
The bolt of cold hits you!!
The searing ray misses the bog body.
The searing ray hits the bog body!
The bog body is severely damaged.
The bog body completely misses you.
The searing ray hits the bog body!
The bog body is almost destroyed.
You finish channeling your searing ray.
The bog body touches you! The bog body freezes you!!
You die...

# #..........##...# #
##.........##..## #
#......>..#....# #
##.......P###..# #
##.......###P..#
#.........###..#
##.........# #..#
#####.#.......## #..#
###......@......# #..#
##..§.....n......# #..#
#..≈§§§§.........# #..#
#.♣§♣§§§##.......## #..##
#.§§§§§..#........# #...#
..≈§§♣≈.##.......## #..##
#.§♣§≈§..........## #..#
#P................###..##
. ..#............###....#


You could see a bog body.

Vanquished Creatures
  Snorg (D:10)
  Harold (D:8)
  A hydra (Lair:1)
  Erolcha (D:11)
  Erica (D:8)
  A two-headed ogre (D:9)
  2 orc knights (Bailey)
  An ugly thing (D:11)
  An elephant (Lair:1)
  2 rime drakes
  4 cane toads
  Psyche (D:11)
  An unseen horror (D:11)
  2 komodo dragons
  2 trolls (D:11)
  Prince Ribbit (D:8)
  Grinder (D:6)
  4 blink frogs
  Sigmund (D:3)
  A shadow (D:11)
  15 yaks
  4 wyverns
  A basilisk (Lair:1)
  4 vampire mosquitoes (D:11)
  2 steam dragons (D:9)
  Menkaure (D:6)
  A hell hound (D:12)
  An acid dragon (D:11)
  6 water moccasins
  A black bear (D:3)
  3 ice beasts
  6 orc warriors
  2 sky beasts
  4 wolves (Lair:1)
  A centaur (D:9)
  A phantom (D:5)
  8 bullfrogs
  2 kobold brigands
  3 scorpions
  A wyvern skeleton (D:7)
  3 howler monkeys
  4 wights (D:5)
  2 bullfrog zombies (D:5)
  8 centaur zombies
  An orc priest (D:9)
  A centaur skeleton (D:5)
  6 iguanas
  9 orc wizards
  A hound skeleton (D:4)
  A howler monkey zombie (D:8)
  Robin (D:3)
  4 adders
  4 gnolls (D:4)
  A shadow imp (D:6)
  2 white imps
  An ufetubus (D:5)
  3 worms
  5 dart slugs
  28 orcs
  4 ball pythons
  8 endoplasms
  3 giant cockroaches
  12 hobgoblins
  4 jackals (D:2)
  30 kobolds
  6 quokkas
  4 bats
  7 frilled lizards
  28 goblins
  A jackal skeleton (D:4)
  5 rats
294 creatures vanquished.

Vanquished Creatures (collateral kills)
  An oklob plant (D:10)
  A gargoyle (D:10)
2 creatures vanquished.

Vanquished Creatures (others)
  8 fungi
  13 plants
21 creatures vanquished.

Grand Total: 317 creatures vanquished

Notes
Turn   | Place    | Note
-------+----------+-------------------------------------------
     0 | D:1      | Ijustatesigmund the Spriggan Conjurer began the quest for
                  | the Orb.
     0 | D:1      | Reached XP level 1. HP: 9/9 MP: 5/5
   280 | D:1      | Reached XP level 2. HP: 14/14 MP: 4/6
   283 | D:1      | Learned a level 2 spell: Searing Ray
  1448 | D:1      | Reached XP level 3. HP: 17/17 MP: 5/8
  1642 | D:2      | Reached skill level 1 in Fighting
  2746 | D:2      | Reached XP level 4. HP: 22/22 MP: 8/10
  2975 | D:2      | Found a faded altar of an unknown god.
  3168 | D:3      | Noticed a black bear
  3176 | D:3      | Killed a black bear
  3177 | D:3      | Reached skill level 1 in Short Blades
  3177 | D:3      | Reached XP level 5. HP: 26/26 MP: 0/11
  3678 | D:3      | Found an ancient bone altar of Kikubaaqudgha.
  3996 | D:3      | Found a glowing silver altar of Zin.
  4052 | D:3      | Noticed Sigmund
  4061 | D:3      | Killed Sigmund
  4062 | D:3      | Reached XP level 6. HP: 10/30 MP: 2/13
  4563 | D:3      | Noticed Robin
  4570 | D:3      | Killed Robin
  5083 | D:4      | Noticed a wyvern
  5093 | D:4      | Killed a wyvern
  5094 | D:4      | Reached skill level 5 in Dodging
  5094 | D:4      | Reached XP level 7. HP: 5/35 MP: 2/15
  5536 | D:4      | Reached skill level 4 in Stealth
  6561 | D:5      | Entered Level 5 of the Dungeon
  6835 | D:5      | Reached skill level 5 in Stealth
  7013 | D:5      | Found a staircase to the Ecumenical Temple.
  7777 | D:5      | Reached skill level 6 in Stealth
  8266 | D:4      | Reached XP level 8. HP: 42/42 MP: 7/16
  9891 | D:6      | Noticed Grinder
  9896 | D:6      | Noticed Menkaure
  9914 | D:6      | Killed Grinder
 10731 | D:6      | Found an opulent altar of Gozag.
 11031 | D:6      | Found a shimmering blue altar of Sif Muna.
 11612 | D:6      | Killed Menkaure
 11725 | D:7      | Reached skill level 5 in Fighting
 11789 | D:7      | Reached XP level 9. HP: 47/47 MP: 9/17
 11922 | D:7      | Found a blossoming altar of Fedhas.
 12054 | D:7      | Reached skill level 5 in Short Blades
 12458 | D:7      | Found a glowing golden altar of the Shining One.
 12458 | D:7      | Found an iron altar of Okawaru.
 12459 | D:7      | Found a hide-covered altar of Uskayaw.
 12973 | D:8      | Learned a level 3 spell: Dazzling Flash
 12974 | D:8      | Noticed Prince Ribbit
 12986 | D:8      | Killed Prince Ribbit
 12987 | D:8      | Reached skill level 1 in Hexes
 13310 | D:8      | Noticed a komodo dragon
 13324 | D:8      | Killed a komodo dragon
 13560 | D:8      | Noticed Erica
 13583 | D:8      | Killed Erica
 13686 | D:8      | Noticed Harold
 13701 | D:8      | Killed Harold
 13702 | D:8      | Reached XP level 10. HP: 46/53 MP: 9/18
 13902 | D:8      | Found a bloodstained altar of Trog.
 14550 | Temple   | Entered the Ecumenical Temple
 14694 | Temple   | Became a worshipper of Dithmenos the Shadowed
 14817 | D:9      | Reached skill level 5 in Hexes
 14831 | D:9      | Reached skill level 7 in Stealth
 14831 | D:9      | Reached skill level 1 in Invocations
 15198 | D:9      | Reached skill level 8 in Stealth
 15429 | D:10     | Entered Level 10 of the Dungeon
 15777 | D:9      | Noticed a two-headed ogre
 15795 | D:9      | Killed a two-headed ogre
 15796 | D:9      | Reached skill level 9 in Stealth
 16115 | D:9      | Found a radiant altar of Vehumet.
 16137 | D:9      | Noticed a lindwurm
 16470 | D:9      | Noticed a lindwurm
 16606 | D:9      | Noticed a lindwurm
 16701 | D:10     | Reached skill level 5 in Spellcasting
 16707 | D:10     | Reached skill level 1 in Armour
 16707 | D:10     | Reached XP level 11. HP: 57/57 MP: 13/19
 16933 | D:9      | Reached * piety under Dithmenos
 17093 | D:10     | Noticed Snorg
 17191 | D:10     | Killed Snorg
 17192 | D:10     | Reached skill level 10 in Stealth
 17360 | D:10     | Found a staircase to the Lair.
 17361 | D:10     | Noticed an oklob plant
 17425 | D:10     | Killed an oklob plant
 17613 | D:10     | Found a hazy altar of Hepliaklqana.
 17670 | D:10     | Found a sacrificial altar of Ru.
 17670 | D:10     | Found a burning altar of Makhleb.
 17750 | D:10     | Reached skill level 5 in Invocations
 18297 | D:11     | Reached skill level 1 in Throwing
 18366 | D:11     | Found a large runed translucent door.
 18366 | D:11     | Found a large runed translucent door.
 18441 | D:11     | Noticed Erolcha
 18447 | D:11     | Noticed Psyche
 18449 | D:11     | Killed Psyche
 18468 | D:11     | Found a flagged portal.
 18478 | Bailey   | Entered a bailey
 18566 | Bailey   | Reached ** piety under Dithmenos
 18718 | Bailey   | Noticed an orc knight
 18731 | Bailey   | Killed an orc knight
 18870 | Bailey   | Noticed an orc knight
 18872 | Bailey   | Found the +27 Lear's hauberk
 18908 | Bailey   | Killed an orc knight
 19262 | D:11     | Noticed a green ugly thing
 19269 | D:12     | Noticed a two-headed ogre
 19277 | D:12     | Noticed a phantasmal warrior
 19279 | D:12     | Noticed a death knight
 19315 | D:11     | Found a corrupted altar of Lugonu.
 19315 | D:11     | Noticed a cyan ugly thing
 19428 | D:11     | Killed Erolcha
 19516 | D:11     | Reached skill level 1 in Evocations
 19770 | D:11     | Killed a green ugly thing
 19985 | D:11     | Found a one-way gate to the infinite horrors of the Abyss.
 20066 | D:11     | Found a staircase to the Orcish Mines.
 20114 | D:11     | Identified the +1 dagger "Mupt" {distort, rCorr Str+4
                  | Stlth+}
 20297 | D:11     | Noticed a brown ugly thing
 20297 | D:11     | Noticed a red ugly thing
 20335 | D:12     | Noticed Azrael
 20565 | Lair:1   | Entered Level 1 of the Lair of Beasts
 21199 | Lair:1   | Reached XP level 12. HP: 33/63 MP: 12/21
 21506 | Lair:1   | Noticed a four-headed hydra
 21595 | Lair:1   | Killed a four-headed hydra
 21856 | Lair:1   | Identified the +0 pair of gloves "Oschotifu" {rN+}
 21883 | Lair:1   | Reached skill level 11 in Stealth
 22180 | Lair:2   | Learned a level 3 spell: Ozocubu's Armour
 22242 | Lair:2   | Found a staircase to the Swamp.
 23018 | Lair:1   | Reached skill level 1 in Ice Magic
 23774 | Lair:2   | Slain by a bog body

Illustrated notes

Levels and vault maps discovered:
D:1:      heliophobic_arrival_enchanted_forest, layout_basic
D:2:      layout_basic, ebering_ecumenical_altar_mist,
          kennysheep_cluttered_room, minmay_misc_feat_plants,
          chequers_serial_rivers_small_3
D:3:      kennysheep_the_goblin_king, layout_basic,
          nicolae_kikubaaqudgha_miasma_corner, zin_statuary, uniq_robin,
          uniq_sigmund
D:4:      layout_gridville, roderic_serpentine_path
D:5:      layout_loops_corners, minmay_temple_entry_arrows
D:6:      layout_layer_cave, old_standard_altar, lemuel_crystal_altar,
          uniq_menkaure, uniq_grinder
D:7:      layout_basic, fedhas_ov_isle_minmay, gammafunk_temple_overflow_claw
D:8:      layout_basic, trog_butcher_becter, uniq_prince_ribbit1, uniq_erica,
          uniq_harold
D:9:      layout_small_grid, lemuel_crystal_altar, grunt_ministairs_14,
          nicolae_two_hexagons, st_stairs_3, minmay_lindwurm_lava
D:10:     layout_basic, nicolae_overflow_crystal_walls,
          gammafunk_temple_overflow_wave, dpeg_oklobed_lair,
          grunt_ministairs_14, uniq_snorg
D:11:     due_chaos_kobolds, layout_rooms, orc_0_dummy, enter_bailey_5,
          uniq_erolcha, uniq_psyche
D:12:     layout_roguey, corexii_leaking_fountain, uniq_azrael, uniq_nergalle
Temple:   nicolae_temple_figure_zero
Lair:1:   layout_cave_pods
Lair:2:   layout_gridlike, skrybe_swamp_entry_bodies, minivault_23,
          infiniplex_staircase_pool_2
Lair:3:   layout_loops_ring, guppyfry_snake_entry_garden,
          gammafunk_ghost_abyssal_escape, serial_bayou_shore_b

Skill      XL: |  1  2  3  4  5  6  7  8  9 10 11 12 |
---------------+-------------------------------------+-----
Conjurations   | 3 4 |  4.9
Dodging        | 3 4 5 7 9 |  9.6
Spellcasting   | 3 4 5 |  5.8
Fighting       | 1 2 4 5 6 7 |  7.0
Short Blades   | 1 2 3 4 6 7 8 9 |  9.2
Stealth        | 6 9 10 11 | 11.9
Hexes          | 4 7 |  7.1
Invocations    | 4 7 |  7.2
Armour         | 1 |  1.8
Throwing       | 4 |  4.0
Evocations     | 4 |  4.7
Ice Magic      | 2 |  2.0

Action                   |  1- 3 |  4- 6 |  7- 9 | 10-12 || total
-------------------------+-------+-------+-------+-------++-------
Melee: Short sword       |    12 |     3 |    60 |   546 ||   621
       Dagger            |       |       |     8 |       ||     8
Throw: Dart              |       |       |       |    21 ||    21
 Cast: Magic Dart        |    86 |   106 |   211 |   144 ||   547
       Searing Ray       |     5 |     8 |    38 |    52 ||   103
       Dazzling Flash    |       |       |     1 |    26 ||    27
       Ozocubu's Armour  |       |       |       |     4 ||     4
Invok: Shadow Step       |       |       |       |     3 ||     3
Evoke: Wand              |       |       |     8 |    21 ||    29
       Box of beasts     |       |       |       |     1 ||     1
  Use: Scroll            |     5 |     2 |     7 |     8 ||    22
       Potion            |       |       |     1 |     1 ||     2
 Stab: Sleeping          |     1 |       |     2 |    20 ||    23
       Invisible         |       |       |     4 |    13 ||    17
Armor: Robe              |     1 |     1 |    13 |    20 ||    35
       Steam dragon scal |       |       |       |   120 ||   120
Dodge: Dodged            |    14 |    12 |   138 |   626 ||   790
Block: Other             |       |       |    40 |    20 ||    60
       Reflection        |       |       |     1 |     1 ||     2

Table legend: (Time is in decaauts)
 A = Elapsed time spent in this place.
 B = Non-inter-level travel time spent in this place.
 C = Inter-level travel time spent in this place.
 D = Time resting spent in this place.
 E = Time spent auto-exploring this place.
 F = Levels seen in this place.
 G = Mean time per level.
                   A        B        C        D        E       F      G
               +--------+--------+--------+--------+--------+-----+--------+
         Total |  19601 |  19131 |    470 |  10056 |   6212 |  17 | 1153.0 |
       Dungeon |  16137 |  15758 |    379 |   8130 |   5466 |  12 | 1344.8 |
        Temple |     99 |     81 |     18 |      0 |     71 |   1 |   99.0 |
          Lair |   2648 |   2577 |     71 |   1417 |    617 |   3 |  882.7 |
        Bailey |    716 |    716 |      0 |    508 |     56 |   1 |  716.0 |
               +--------+--------+--------+--------+--------+-----+--------+

Top non-repeatable levels by time:
  Lair:1: 2048 daAuts
     D:6: 2048 daAuts
     D:5: 1895 daAuts
     D:4: 1779 daAuts
     D:9: 1769 daAuts
     D:2: 1429 daAuts
     D:3: 1409 daAuts
     D:1: 1359 daAuts
     D:8: 1221 daAuts
    D:11: 1182 daAuts
    D:10: 1020 daAuts
     D:7: 993 daAuts
  Bailey: 716 daAuts
  Lair:2: 560 daAuts
  Temple: 99 daAuts
